 Dungeon Crawl Stone Soup version 0.30-a0-847-g17996783a1 (webtiles) character file.

Game seed: 6051819162021952073

51 dialectric the Trooper (level 3, -2/24 HPs)
             Began as a Gargoyle Fighter on Mar 3, 2023.
             Slain by a gnoll
             ... wielding a +0 spear
              (4 damage)
             ... on level 3 of the Dungeon.
             The game lasted 00:02:59 (1502 turns).

dialectric the Trooper (Gargoyle Fighter)           Turns: 1502, Time: 00:03:00

Health: -2/24      AC: 11    Str: 19    XL:     3   Next: 81%
Magic:  3/3        EV:  9    Int:  8    God:
Gold:   68         SH:  0    Dex: 11    Spells: 2/2 levels left

rFire   . . .      SeeInvis .    a - +0 flail
rCold   . . .      Faith    .    (no shield)
rNeg    + . .      Spirit   .    b - +0 scale mail
rPois   ∞          Reflect  .    (no helmet)
rElec   +          Rampage  .    (no cloak)
rCorr   .                        (no gloves)
Will    .....                    k - +0 pair of boots Stlth
                                 (no amulet)
HPRegen 0.24/turn                (no ring)
MPRegen 0.08/turn                (no ring)

@: no status effects
A: sickness immunity, AC +3, negative energy resistance 1, electricity
resistance, torment resistance 1, petrification resistance
a: no special abilities


You were on level 3 of the Dungeon.
You visited 1 branch of the dungeon, and saw 3 of its levels.

You collected 68 gold pieces.

Inventory:

Hand Weapons
 a - a +0 flail (weapon)
Missiles
 m - a throwing net (quivered)
Armour
 b - a +0 scale mail (worn)
 k - a +0 pair of boots (worn)
Jewellery
 g - an amulet of magic regeneration
 j - a ring of wizardry
Scrolls
 c - 2 scrolls of vulnerability {unknown}
 e - a scroll of noise
 f - 2 scrolls of teleportation {unknown}
 i - a scroll of identify {unknown}
 l - a scroll of butterflies {unknown}
Potions
 d - a potion of might
 h - a potion of flight {unknown}


   Skills:
 + Level 4.3 Fighting
 - Level 2.1 Maces & Flails
 * Level 4.0 Armour
 + Level 0.3 Dodging
 - Level 0.2 Stealth
 - Level 3.2 Shields


You had 2 spell levels left.
You didn't know any spells.
Your spell library was empty.

Dungeon Overview and Level Annotations

Branches:
Dungeon (3/15)

Altars:
Uskayaw

Shops:
D:1 *

Annotations:
D:2 Sigmund


Innate Abilities, Weirdness & Mutations

You are immune to sickness and miasma.
Your stone body is resilient. (AC +3)
You are immune to poison.
You resist negative energy. (rN+)
You are resistant to electric shocks. (rElec)
You are resistant to unholy torment.
You are immune to petrification.


Message History

The gnoll hits you but does no damage.
The gnoll hits you from afar with a +0 spear.
The gnoll hits you but does no damage.
Your Armour skill increases to level 4!
You barely miss the gnoll. The gnoll hits you but does no damage.
The gnoll barely misses you.
You barely miss the gnoll. The gnoll closely misses you.
The gnoll hits you from afar with a +0 spear.
Unknown command.
You hit the gnoll.
The gnoll is lightly wounded.
The gnoll hits you with a +0 club. The gnoll barely misses you.
The gnoll hits you but does no damage. The gnoll closely misses you.
Unknown command.
You are too injured to fight recklessly!
You barely miss the gnoll.
The gnoll is lightly wounded.
The gnoll hits you from afar with a +0 spear.
* * * LOW HITPOINT WARNING * * *
The gnoll barely misses you.
You are too injured to fight recklessly!
You sock the gnoll!
The gnoll is almost dead.
The gnoll hits you but does no damage. x2
You barely miss the gnoll.
The gnoll is almost dead.
The gnoll hits you with a +0 club.
* * * LOW HITPOINT WARNING * * *
The gnoll hits you but does no damage.
A goblin comes into view. It is wielding a +0 club.
The gnoll hits you but does no damage. The gnoll completely misses you.
You are too injured to fight recklessly!
You closely miss the gnoll.
The gnoll is almost dead.
The goblin shouts!
The gnoll hits you with a +0 club.
* * * LOW HITPOINT WARNING * * *
The goblin throws a boomerang.
The boomerang barely misses you.
The gnoll hits you from afar with a +0 spear.
You die...

##...# #.....# .......
....... ....... #......
.......####
.......@g.#### .?.
.......##g...### ....
......##.......#####....
.........###..........##
.#......g.# #..........
...#......## #........<.
...........# #.<......!.
#g#......#g###.....$....
............g..........


You could see 2 gnolls and a goblin.

Vanquished Creatures
  A gnoll (D:3)
  2 adders (D:2)
  2 ball pythons (D:2)
  An endoplasm (D:2)
  A giant cockroach (D:1)
  2 goblins
  2 hobgoblins (D:1)
  3 kobolds
  A quokka (D:1)
  4 bats
  3 frilled lizards
  2 rats (D:2)
24 creatures vanquished.

Notes
Turn   | Place    | Note
-------+----------+-------------------------------------------
     0 | D:1      | dialectric the Gargoyle Fighter began the quest for the
                  | Orb.
     0 | D:1      | Reached XP level 1. HP: 14/14 MP: 1/1
   288 | D:1      | Reached XP level 2. HP: 19/19 MP: 2/2
   294 | D:1      | Found Kycwuiq's Assorted Antiques.
   918 | D:2      | Found a faded altar of an unknown god.
   978 | D:2      | Reached XP level 3. HP: 24/24 MP: 3/3
  1062 | D:2      | Found a hide-covered altar of Uskayaw.
  1436 | D:2      | Noticed Sigmund
  1502 | D:3      | Slain by a gnoll

Illustrated notes

Levels and vault maps discovered:
D:1:      amcnicky_arrival_abandoned_market, layout_basic, serial_shops,
          nicolae_shop_trees, grunt_decor_one_mirror
D:2:      layout_basic, basic_altar, ebering_ecumenical_altar_rust, uniq_sigmund
D:3:      kennysheep_goblin_castle, layout_rooms, kennysheep_donut,
          nicolae_kite_square_tiling_tiny, st_stairs_5, uniq_jessica,
          uniq_natasha

Skill      XL: |  1  2  3 |
---------------+----------+-----
Fighting       | 4 |  4.3
Armour         | 4 |  4.0
Maces & Flails | |  2.1
Dodging        | |  0.3
Stealth        | |  0.2
Shields        | |  3.2

Action                     || total
---------------------------++-------
  Melee: Flail             ||   106
         Punch             ||     1
    Use: Scroll            ||     1
 Armour: Scale mail        ||    80
  Dodge: Dodged            ||    78

Table legend: (Time is in decaauts)
 A = Elapsed time spent in this place.
 B = Non-inter-level travel time spent in this place.
 C = Inter-level travel time spent in this place.
 D = Time resting spent in this place.
 E = Time spent auto-exploring this place.
 F = Levels seen in this place.
 G = Mean time per level.
                   A        B        C        D        E       F      G
               +--------+--------+--------+--------+--------+-----+--------+
         Total |   1532 |   1470 |     62 |      0 |   1120 |   3 |  510.7 |
       Dungeon |   1532 |   1470 |     62 |      0 |   1120 |   3 |  510.7 |
               +--------+--------+--------+--------+--------+-----+--------+

Top non-repeatable levels by time:
     D:1: 911 daAuts
     D:2: 582 daAuts
     D:3: 38 daAuts
